 Dungeon Crawl Stone Soup version 0.19-a0-1007-g133f65f (webtiles) character file.

305 Laraso the Conjurer (level 6, 0/48 HPs)
             Began as a Deep Elf Fire Elementalist on July 19, 2016.
             Slain by a water moccasin (7 damage)
             ... on level 4 of the Dungeon.
             The game lasted 00:09:42 (3849 turns).

Laraso the Conjurer (Deep Elf Fire Elementalist)    Turns: 3849, Time: 00:09:43

Health: 0/48       AC:  6    Str: 10    XL:     6   Next: 16%
Magic:  6/15       EV: 13    Int: 22    God:
Gold:   154        SH:  0    Dex: 15    Spells: 4 memorised, 4 levels left

rFire  . . .     SeeInvis .     a - +0 quarterstaff
rCold  . . .     Gourm    .     q - +2 leather armour {rN+}
rNeg   + . .     Faith    .     (shield currently unavailable)
rPois  .         Spirit   .     (no helmet)
rElec  .         Dismiss  .     p - +0 cloak
rCorr  .         Reflect  .     (no gloves)
SustAt .         Harm     .     (no boots)
MR     .....                    e - amulet of inaccuracy (curse)
Stlth  ..........               (no ring)
                                d - +1 ring of evasion

@: berserking (expiring), lethally poisoned (0 -> -13), very slightly
contaminated, very quick, not resistant to hostile enchantments, extremely
unstealthy
A: no striking features
a: no special abilities


You were on level 4 of the Dungeon.
You were not hungry.

You visited 1 branch of the dungeon, and saw 4 of its levels.

You collected 154 gold pieces.

Inventory:

Hand Weapons
 a - a +0 quarterstaff (weapon)
Armour
 p - a +0 cloak (worn)
 q - a +2 leather armour of positive energy (worn)
Jewellery
 d - a +1 ring of evasion (left hand)
 e - a cursed amulet of inaccuracy (around neck)
Potions
 g - a potion of curing
 h - a potion of agility
 i - a potion of might
 k - a potion of berserk rage
 l - a potion of brilliance {unknown}
 m - a potion of cancellation {unknown}
 o - a potion of invisibility {unknown}
 t - a potion of magic {unknown}
Books
 b - a book of Flames

   Spells                             Type                      Level
   a - Flame Tongue                   Conjuration/Fire             1
   b - Throw Flame                    Conjuration/Fire             2
   c - Conjure Flame                  Conjuration/Fire             3
   d - Inner Flame                    Hexes/Fire                   3
   e - Sticky Flame                   Conjuration/Fire             4
   f - Fireball                       Conjuration/Fire             5
 j - a book of the Tempests

   Spells                             Type                      Level
   a - Static Discharge               Conjuration/Air              3
   b - Lightning Bolt                 Conjuration/Air              5
   c - Fireball                       Conjuration/Fire             5
   d - Tornado                        Air                          9
   e - Shatter                        Earth                        9
Comestibles
 c - 4 bread rations
 f - 3 chunks of flesh
 n - 4 fruits
 s - a beef jerky
 u - a meat ration


   Skills:
 - Level 2.4 Dodging
 - Level 2.4 Stealth
 * Level 4.9 Spellcasting
 - Level 6.0 Conjurations
 - Level 3.2 Fire Magic


You had 4 spell levels left.
You knew the following spells:

 Your Spells              Type           Power        Failure   Level  Hunger
a - Flame Tongue          Conj/Fire      ####.        2%          1    None
b - Throw Flame           Conj/Fire      ####..       3%          2    None
c - Conjure Flame         Conj/Fire      ####....     10%         3    ##.....
d - Sticky Flame          Conj/Fire      ####....     24%         4    ####...


Dungeon Overview and Level Annotations

Branches:
Dungeon (4/15)
 Temple: D:4-7

Altars:
Makhleb
Nemelex Xobeh
Uskayaw
Xom


Message History

You hear a sizzling sound.
The centaur burns!
The centaur hits you.
* * * LOW HITPOINT WARNING * * *
You take 3 damage, and have 16/28 hp.
You now have 6/11 mp.
Unknown command.
Unknown command.
Aim: a centaur (lightly wounded, covered in liquid flames)
The flame tongue hits the centaur.
The centaur burns!
The centaur barely misses you. The centaur hits you.
* * * LOW HITPOINT WARNING * * *
You take 5 damage, and have 11/28 hp.
You now have 5/11 mp.
Unknown command.
Unknown command.
Aim: a centaur (severely wounded, covered in liquid flames)
The flame tongue hits the centaur.
You kill the centaur!
Your Spellcasting skill increases to level 4!
You have reached level 6!
Your experience leads to an increase in your attributes!
Increase (S)trength, (I)ntelligence, or (D)exterity?
You feel clever.
You regained 2 hp, and now have 13/32 hp.
You now have 4/14 mp.
A red film seems to cover your vision as you go berserk!
You feel yourself moving faster!
You feel mighty!
The worker ant bites you but does no damage.
You now have 19/48 hp.
You barely miss the worker ant. The worker ant closely misses you. x2
You closely miss the worker ant. The worker ant misses you.
You miss the worker ant. The worker ant barely misses you.
You barely miss the worker ant. The worker ant bites you.
* * * LOW HITPOINT WARNING * * *
You take 2 damage, and have 18/48 hp.
You thump the worker ant! The worker ant closely misses you.
You hit the worker ant. The worker ant closely misses you.
You sock the worker ant!
You kill the worker ant!
You thump the water moccasin! The water moccasin bites you.
* * * LOW HITPOINT WARNING * * *
The water moccasin misses you.
You take 4 damage, and have 14/48 hp.
You completely miss the water moccasin. The water moccasin bites you.
* * * LOW HITPOINT WARNING * * *
You are poisoned.
The water moccasin poisons you!
You take 1 damage, and have 13/48 hp.
You miss the water moccasin.
You feel sick. The water moccasin bites you.
* * * LOW HITPOINT WARNING * * *
You are lethally poisoned!
The water moccasin poisons you!
You take 2 damage, and have 11/48 hp.
You sock the water moccasin!
* * * LOW HITPOINT WARNING * * *
You feel sick. The water moccasin bites you.
* * * LOW HITPOINT WARNING * * *
You take 2 damage, and have 9/48 hp.
You completely miss the water moccasin.
* * * LOW HITPOINT WARNING * * *
You feel sick. The water moccasin bites you!
You die...

.. .# # .##.# #
.....#.## #.#.....
##......##.
##.........
##S.).....#
#.#####@###......
#.......# #.#.###
###.....###.....#
....####........###
### ##.#........
#.#.....###
#.#.....# #.#.#.###
#. #.....#


You could see a water moccasin.

Vanquished Creatures
  An ogre (D:4)
  A centaur (D:4)
  A worker ant (D:4)
  4 worms
  3 dart slugs
  3 giant geckos
  8 orcs (D:3)
  3 giant cockroaches
  14 goblins
  9 hobgoblins
  3 jackals (D:2)
  6 kobolds
  A quokka (D:2)
  9 bats
  5 giant newts
  11 rats
82 creatures vanquished.

Notes
Turn   | Place    | Note
-------+----------+-------------------------------------------
     0 | D:1      | Laraso the Deep Elf Fire Elementalist began the quest for the Orb.
     0 | D:1      | Reached XP level 1. HP: 10/10 MP: 6/6
   174 | D:1      | Reached skill level 2 in Conjurations
   312 | D:1      | Reached XP level 2. HP: 14/15 MP: 1/8
   688 | D:1      | Reached skill level 3 in Conjurations
   938 | D:1      | Reached XP level 3. HP: 18/19 MP: 7/9
  1125 | D:1      | Learned a level 3 spell: Conjure Flame
  1426 | D:2      | Laraso: !stats de
  1426 | D:2      | beem: Go start a de if you want me to know its starting stats.
  1426 | D:2      | Laraso: !stats DE
  1426 | D:2      | beem: Go start a DE if you want me to know its starting stats.
  1426 | D:2      | Laraso: !stats DEFE
  1535 | D:2      | Reached skill level 4 in Conjurations
  1629 | D:2      | beem: Starting stats for DEFE: Str 5 Int 19 Dex 15. Stat gain: i/4
  1682 | D:2      | Laraso: !stats DEWz
  1685 | D:2      | beem: Starting stats for DEWz: Str 4 Int 22 Dex 13. Stat gain: i/4
  1786 | D:2      | Found a shimmering altar of Xom.
  1904 | D:2      | Found a burning altar of Makhleb.
  1905 | D:2      | Found a sparkling altar of Nemelex Xobeh.
  2149 | D:2      | Reached XP level 4. HP: 23/24 MP: 7/10
  3103 | D:3      | Laraso: %??worm
  3103 | D:3      | beem: worm (w)
                  | Spd:
     6 | HD: 4    | HP: 15-21
                  | AC/EV: 1/5
                  | Dam: 12
                  | regen
                  | Res: magic(10)
                  | XP:
     5 | Sz: small | Int: animal.
  3103 | D:3      | Laraso: %??goblin
  3103 | D:3      | beem: goblin (g)
                  | Spd:
    10 | HD: 1    | HP: 3-5
                  | AC/EV: 0/12
                  | Dam: 4
                  | weapons, items, doors
                  | XP:
     1 | Sz: small | Int: human.
  3273 | D:3      | Found a hide-covered altar of Uskayaw.
  3451 | D:3      | Reached skill level 5 in Conjurations
  3658 | D:4      | Noticed an ogre
  3680 | D:4      | Killed an ogre
  3680 | D:4      | Reached skill level 6 in Conjurations
  3680 | D:4      | Reached XP level 5. HP: 28/28 MP: 3/11
  3749 | D:4      | Learned a level 4 spell: Sticky Flame
  3752 | D:4      | Learned a level 2 spell: Throw Flame
  3809 | D:4      | Noticed a centaur
  3832 | D:4      | Noticed a water moccasin
  3833 | D:4      | HP: 11/28 [centaur (5)]
  3834 | D:4      | Killed a centaur
  3834 | D:4      | Reached skill level 4 in Spellcasting
  3834 | D:4      | Reached XP level 6. HP: 13/32 MP: 4/14
  3841 | D:4      | HP: 18/48 [worker ant (2)]
  3846 | D:4      | HP: 13/48 [water moccasin (2)]
  3849 | D:4      | Slain by a water moccasin

Vault maps used:
D:1:      dpeg_chamrin_arrival_tetris, hangedman_decor_clover_reticule
D:2:      gammafunk_temple_overflow_pools, nicolae_overflow_crystal_walls,
          first_bread, st_stairs_5
D:3:      lemuel_coloured_pillars_altar
D:4:      minmay_misc_feat_nine_boxes

Skill      XL: |  1  2  3  4  5 |
---------------+----------------+-----
Conjurations   | 2 3 4 6 |  6.0
Spellcasting   | 4 |  4.9
Dodging        | |  2.4
Stealth        | |  2.4
Fire Magic     | |  3.2

Action                   |  1- 3 |  4- 6 || total
-------------------------+-------+-------++-------
Melee: Mace              |     6 |       ||     6
       Quarterstaff      |     5 |    24 ||    29
 Cast: Flame Tongue      |    81 |    81 ||   162
       Conjure Flame     |       |     1 ||     1
       Sticky Flame      |       |     1 ||     1
  Use: Scroll            |     7 |     4 ||    11
       Potion            |       |     1 ||     1
  Eat: Chunk             |     4 |     5 ||     9
Armor: Robe              |     3 |     4 ||     7
       Leather armour    |       |     1 ||     1
Dodge: Dodged            |    21 |    30 ||    51

Table legend:
 A = Kills in this place as a percentage of kills in entire the game.
 B = Kills by you in this place as a percentage of kills by you in the entire game.
 C = Kills by friends in this place as a percentage of kills by friends in the entire game.
 D = Other kills in this place as a percentage of other kills in the entire game.
 E = Experience gained in this place as a percentage of experience gained in the entire game.
 F = Experience gained in this place divided by the number of levels of this place that you have seen.
                   A       B       C       D       E      F
               +-------+-------+-------+-------+-------+----------------------
         Total | 100.0 | 100.0 |  -nan |  -nan | 100.0 | 109.2
       Dungeon | 100.0 | 100.0 |  -nan |  -nan | 100.0 | 109.2
               +-------+-------+-------+-------+-------+----------------------

Table legend:
 A = Turns spent in this place as a percentage of turns spent in the entire game.
 B = Non-inter-level travel turns spent in this place as a percentage of non-inter-level travel turns spent in the entire game.
 C = Inter-level travel turns spent in this place as a percentage of turns spent in this place.
 D = Turns resting spent in this place as a percentage of non-inter-level travel turns spent in this place.
 E = Turns spent auto-exploring this place as a percentage of non-inter-level travel turns spent in this place.
 F = Non-inter-level travel turns spent in this place divided by the number of levels of this place that you've seen.
                   A       B       C       D       E      F
               +-------+-------+-------+-------+-------+----------------------
         Total | 100.0 | 100.0 |   0.4 |   9.3 |   8.3 | 346.5
       Dungeon | 100.0 | 100.0 |   0.4 |   9.3 |   8.3 | 346.5
               +-------+-------+-------+-------+-------+----------------------

Vault maps used:
D:1:      dpeg_chamrin_arrival_tetris, hangedman_decor_clover_reticule
D:2:      gammafunk_temple_overflow_pools, nicolae_overflow_crystal_walls,
          first_bread, st_stairs_5
D:3:      lemuel_coloured_pillars_altar
D:4:      minmay_misc_feat_nine_boxes
